 Dungeon Crawl Stone Soup version 0.21.1-1-g345015f (webtiles) character file.

43 kae the Skirmisher (level 3, -1/33 HPs)
             Began as a Hill Orc Fighter on May 31, 2018.
             Succumbed to a kobold's poison
             ... on level 2 of the Dungeon.
             The game lasted 00:00:57 (417 turns).

kae the Skirmisher (Hill Orc Fighter)                Turns: 417, Time: 00:00:58

Health: -1/33      AC:  8    Str: 24    XL:     3   Next: 58%
Magic:  0/3        EV:  8    Int:  8    God:
Gold:   18         SH:  9    Dex: 10    Spells: 2/2 levels left

rFire    . . .     SeeInvis .   a - +1 war axe
rCold    . . .     Gourm    .   c - +0 shield
rNeg     . . .     Faith    .   b - +0 scale mail
rPois    .         Spirit   +   (no helmet)
rElec    .         Reflect  .   o - scarf {Spirit}
rCorr    .         Harm     .   h - +0 pair of gloves (curse)
MR       .....                  (no boots)
Stlth    ..........             (no amulet)
HPRegen  0.11/turn              (no ring)
MPRegen  0.08/turn              (no ring)

@: mighty, lethally poisoned (-1 -> -24)
A: no striking features
a: no special abilities


You were on level 2 of the Dungeon.
You were not hungry.

You visited 1 branch of the dungeon, and saw 2 of its levels.

You collected 18 gold pieces.

Inventory:

Hand Weapons
 a - a +1 war axe (weapon)
Armour
 b - a +0 scale mail (worn)
 c - a +0 shield (worn)
 h - a cursed +0 pair of gloves (worn)
 o - a scarf of spirit shield (worn)
Jewellery
 j - an uncursed amulet of magic regeneration
 p - an uncursed ring of poison resistance {unknown}
Scrolls
 g - 2 scrolls of fear
Potions
 e - a potion of invisibility
 k - a potion of resistance
 l - a potion of brilliance
Comestibles
 f - 2 rations


   Skills:
 + Level 4.0 Fighting
 * Level 3.8 Axes
 + Level 3.7 Armour
 + Level 0.9 Dodging
 - Level 3.2 Shields


You had 2 spell levels left.
You didn't know any spells.

Dungeon Overview and Level Annotations

Branches:
Dungeon (2/15)

Altars:


Message History

You block the jackal's attack.
The jackal bites you but does no damage. x2
The kobold hits you but does no damage.
You are more poisoned.
The jackal bites you but does no damage.
You slash the kobold!
You kill the kobold!
You hit the jackal.
You kill the jackal!
You hit the jackal.
You kill the jackal!
* * * LOW HITPOINT WARNING * * *
You feel very sick. You block the bat's attack.
* * * LOW HITPOINT WARNING * * *
You feel sick.
* * * LOW HITPOINT WARNING * * *
You feel sick. The bat hits you.
You feel very mighty all of a sudden.
You die...

#.# ##### #.#
.....
###+#.#......
#.....#......
#..>)†......(
#....)#
#..).w#
#....b#
#....@#
###+#........
#........
##.......
.......
.......
.......
.......


You could see a worm and a bat.

Vanquished Creatures
  An adder (D:2)
  A dart slug (D:1)
  3 leopard geckos
  6 giant cockroaches (D:1)
  4 goblins
  A hobgoblin (D:1)
  5 jackals (D:2)
  A bat (D:1)
  2 kobolds
  A rat (D:1)
25 creatures vanquished.

Vanquished Creatures (others)
  A ghoul (D:1)
  An octopode (D:1)
  An elf (D:1)
  A formicid (D:1)
  2 vampires (D:1)
  2 nagas (D:1)
  A dwarf (D:1)
  A mummy (D:1)
  An orc (D:1)
  A kobold (D:1)
  8 tentacles (D:1)
20 creatures vanquished.

Grand Total: 45 creatures vanquished

Notes
Turn   | Place    | Note
-------+----------+-------------------------------------------
     0 | D:1      | kae the Hill Orc Fighter began the quest for the Orb.
     0 | D:1      | Reached XP level 1. HP: 19/19 MP: 1/1
     0 | D:1      | Noticed a naga
     0 | D:1      | Noticed an elf
     0 | D:1      | Noticed a vampire
     0 | D:1      | Noticed a kraken
     0 | D:1      | Noticed an octopode
     0 | D:1      | Noticed a ghoul
     0 | D:1      | Noticed a vampire
     0 | D:1      | Noticed a dwarf
     0 | D:1      | Noticed a formicid
     0 | D:1      | Noticed a naga
     3 | D:1      | Killed an octopode
     3 | D:1      | Killed a naga
     7 | D:1      | Killed an elf
     7 | D:1      | Killed a vampire
     9 | D:1      | Killed a vampire
     9 | D:1      | Killed a naga
    10 | D:1      | Killed a formicid
    12 | D:1      | Killed a dwarf
    14 | D:1      | Killed a ghoul
    83 | D:1      | Reached XP level 2. HP: 27/27 MP: 2/2
   392 | D:2      | Reached XP level 3. HP: 30/33 MP: 3/3
   392 | D:2      | Reached skill level 4 in Fighting
   416 | D:2      | HP: 1/33 [poisoned by a kobold]
   417 | D:2      | Succumbed to a kobold's poison

Skill      XL: |  1  2  3 |
---------------+----------+-----
Axes           | 3 |  3.8
Fighting       | 4 |  4.0
Armour         | |  3.7
Dodging        | |  0.9
Shields        | |  3.2

Action                   || total
-------------------------++-------
Melee: War axe           ||    67
  Use: Scroll            ||     7
       Potion            ||     1
Armor: Scale mail        ||    58
Dodge: Dodged            ||    31
Block: Shield            ||    44
